 Dungeon Crawl Stone Soup version 0.21-a0-509-gecc5317402 (webtiles) character file.

39 Kaname the Magician (level 3, 0/24 HPs)
             Began as a Demonspawn Wizard on Nov 30, 2017.
             Slain by an adder (3 damage)
             ... on level 2 of the Dungeon.
             The game lasted 00:03:24 (1055 turns).

Kaname the Magician (Demonspawn Wizard)             Turns: 1055, Time: 00:03:24

Health: 0/24       AC:  5    Str:  7    XL:     3   Next: 26%
Magic:  0/7        EV: 17    Int: 20    God:
Gold:   87         SH:  0    Dex: 16    Spells: 2/8 levels left

rFire    + . .     SeeInvis .   (no weapon)
rCold    . . .     Gourm    .   (no shield)
rNeg     . . .     Faith    .   j - +0 robe {rF+}
rPois    .         Spirit   .   b - +0 hat
rElec    .         Reflect  .   (no cloak)
rCorr    .         Harm     .   (no gloves)
MR       .....                  e - +2 pair of boots
Stlth    +++.......             (no amulet)
HPRegen  0.08/turn              (no ring)
MPRegen  0.10/turn              (no ring)

@: agile, lethally poisoned (0 -> -16)
A: powered by death 1
a: no special abilities


You were on level 2 of the Dungeon.
You were not hungry.

You visited 1 branch of the dungeon, and saw 2 of its levels.

You collected 87 gold pieces.

Inventory:

Armour
 b - a +0 hat (worn)
 e - a +2 pair of boots (worn)
 j - a +0 robe of fire resistance (worn)
Scrolls
 a - a scroll of blinking {unknown}
 g - a scroll of identify {unknown}
 i - a scroll of enchant weapon {unknown}
Books
 c - a book of Minor Magic

   Spells                             Type                      Level
   a - Magic Dart                     Conjuration                  1
   b - Blink                          Translocation                2
   c - Call Imp                       Summoning                    2
   d - Slow                           Hexes                        2
   e - Conjure Flame                  Conjuration/Fire             3
   f - Mephitic Cloud                 Conjuration/Poison/Air       3
Comestibles
 d - a bread ration
 f - a royal jelly


   Skills:
 - Level 1.7 Dodging
 - Level 1.7 Stealth
 - Level 3.0 Spellcasting
 - Level 3.0 Conjurations
   Level 1.0 Summonings
 - Level 1.0 Translocations
 + Level 0.7 Air Magic


You had 2 spell levels left.
You knew the following spells:

 Your Spells              Type           Power        Failure   Level  Hunger
a - Magic Dart            Conj           ###.         4%          1    None
b - Blink                 Tloc           N/A          14%         2    ##.....
c - Mephitic Cloud        Conj/Pois/Air  #.......     26%         3    ###....


Dungeon Overview and Level Annotations

Branches:
Dungeon (2/15)

Altars:


Innate Abilities, Weirdness & Mutations

You regenerate a little health from kills.


Message History

It was a potion of cancellation.
You feel magically purged.
* * * LOW HITPOINT WARNING * * *
You feel sick. The adder closely misses you.
It was a potion of agility.
You feel agile all of a sudden.
* * * LOW HITPOINT WARNING * * *
You feel sick. The adder bites you.
* * * LOW HITPOINT WARNING * * *
You are more poisoned.
The adder poisons you!
Casting: Magic Dart
Confirm with . or Enter, or press ? or * to list all spells.
Aiming: Magic Dart
Press: ? - help, Shift-Dir - straight line, f/p - adder
Aim: an adder (almost dead)
The magic dart hits the adder.
The adder is almost dead.
* * * LOW HITPOINT WARNING * * *
You feel sick. The adder bites you.
You die...

.##...###
#......^# ###
.......# ..
...... ..## #....
...## ######...
.....#
........###......
###.#
###[.#......#
..#.#
#...#@S..$.#
#.#.#
#.##.......#
#.#.#
#.##..##.#...
#.#<# #.##..# # #
#...#
#.##..###### ##
#.###
#..)........ .#
#.# #####..#####
.# #.#
#.........#
.#####.#
#.###..##....


You could see an adder.

Vanquished Creatures
  An adder (D:2)
  A dart slug (D:1)
  2 ball pythons
  A bat (D:1)
  A giant cockroach (D:1)
  6 goblins (D:1)
  3 hobgoblins (D:1)
  9 kobolds
  3 rats
27 creatures vanquished.

Notes
Turn   | Place    | Note
-------+----------+-------------------------------------------
     0 | D:1      | Kaname the Demonspawn Wizard began the quest for the Orb.
     0 | D:1      | Reached XP level 1. HP: 13/13 MP: 4/4
   260 | D:1      | Gained mutation: You regenerate a little health from kills. [demonic ancestry]
   260 | D:1      | Reached XP level 2. HP: 18/19 MP: 1/6
   278 | D:1      | Learned a level 2 spell: Blink
   975 | D:2      | Reached XP level 3. HP: 24/24 MP: 5/7
   980 | D:2      | Learned a level 3 spell: Mephitic Cloud
  1035 | D:2      | Reached skill level 1 in Translocations
  1055 | D:2      | Slain by an adder

Vault maps used:
D:1:      dpeg_arrival_connections
D:2:      nemelex_diamond_rough_becter

Skill      XL: |  1  2  3 |
---------------+----------+-----
Conjurations   | 2 3 |  3.0
Translocations | 1 |  1.0
Dodging        | |  1.7
Stealth        | |  1.7
Spellcasting   | |  3.0
Summonings     | |  1.0
Air Magic      | |  0.7

Action                   || total
-------------------------++-------
Melee: Unarmed           ||    72
 Cast: Magic Dart        ||    63
  Use: Potion            ||     2
Armor: Robe              ||    28
Dodge: Dodged            ||    65

Table legend:
 A = Spawn XP
 B = Non-spawn XP
 C = Spawn XP percentage of total XP
 D = Spawn monster count
 E = Non-spawn monster count
 F = Spawn count percentage of total count
 G = Total turns spent on level
                    A         B        C        D         E        F      G
               +---------+---------+-------+---------+---------+-------+---------
         Total |       0 |      56 |   0.0 |       0 |      27 |   0.0 |  1055
               +---------+---------+-------+---------+---------+-------+---------
           D:1 |       0 |      38 |   0.0 |       0 |      22 |   0.0 |   938
           D:2 |       0 |      18 |   0.0 |       0 |       5 |   0.0 |   117
               +---------+---------+-------+---------+---------+-------+---------
